 Dungeon Crawl Stone Soup version 0.26-a0-651-gb41185065b (webtiles) character file.

Game seed: 17061418629363360861

(classic levelgen) 879 EnegeticOcto the Chopper (level 7, -9/66 HPs)
             Began as a Deep Dwarf Fighter on Oct 9, 2020.
             Mangled by an orc warrior
             ... wielding a +0 battleaxe
              (21 damage)
             ... on level 6 of the Dungeon.
             The game lasted 00:01:10 (1241 turns).

EnegeticOcto the Chopper (Deep Dwarf Fighter)       Turns: 1241, Time: 00:01:10

Health: -9/66      AC: 13    Str: 27    XL:     7   Next: 75%
Magic:  3/3        EV:  5    Int:  9    God:
Gold:   187        SH: 11    Dex: 12    Spells: 6/6 levels left

rFire    . . .     SeeInvis .   a - +0 war axe
rCold    . . .     Faith    .   c - +0 kite shield
rNeg     . . .     Spirit   .   f - +0 plate armour
rPois    .         Reflect  .   (no helmet)
rElec    .         Harm     .   (no cloak)
rCorr    .         Rampage  .   r - +0 pair of gloves
MR       +....                  (no boots)
Stlth    ..........             (no amulet)
HPRegen  0.00/turn              (no ring)
MPRegen  0.08/turn              o - +6 ring of strength

@: non-regenerating
A: damage resistance, heal wounds, sense surroundings 1, no regeneration
a: Heal Wounds


You were on level 6 of the Dungeon.
You visited 1 branch of the dungeon, and saw 6 of its levels.

You collected 187 gold pieces.

Inventory:

Hand Weapons
 a - a +0 war axe (weapon)
Missiles
 p - 3 throwing nets (quivered)
Armour
 b - a +0 scale mail
 c - a +0 kite shield (worn)
 f - a +0 plate armour (worn)
 r - a +0 pair of gloves (worn)
Jewellery
 o - a +6 ring of strength (right hand)
Scrolls
 e - a scroll of enchant armour {unknown}
 h - a scroll of enchant weapon {unknown}
 i - a scroll of remove curse {unknown}
 m - 2 scrolls of teleportation {unknown}
 q - a scroll of immolation {unknown}
 s - 2 scrolls of amnesia {unknown}
 u - a scroll of identify {unknown}
Potions
 d - a potion of might {@q3}
 g - a potion of curing {unknown}
 j - 2 potions of heal wounds {unknown}
 k - a potion of brilliance {unknown}
 l - a potion of berserk rage {unknown}
 n - a potion of mutation {unknown}
 t - a potion of magic {unknown}


   Skills:
 + Level 4.5 Fighting
 * Level 6.4 Axes
 + Level 5.4 Armour
 + Level 5.3 Shields


You had 6 spell levels left.
You didn't know any spells.
Your spell library was empty.

Dungeon Overview and Level Annotations

Branches:
Dungeon (6/15)
 Temple: D:4-7

Altars:


Innate Abilities, Weirdness & Mutations

You are resistant to damage.
You can heal yourself by infusing magical energy.
You passively map a small area around you.
You do not regenerate.


Message History

Your magical essence is drained by the effort!
You feel much better. You block the orc wizard's attack.
You block the orc priest's attack. The orc warrior barely misses you.
You block the orc wizard's attack.
You closely miss the orc priest.
The orc priest is heavily wounded.
You closely miss the orc warrior. You hit the orc wizard.
You block the orc wizard's attack. The orc priest barely misses you.
The orc warrior hits you with a +0 battleaxe!
The orc wizard gestures wildly while chanting.
The orc wizard blinks!
You barely miss the orc priest.
The orc priest is heavily wounded.
You hit the orc warrior but do no damage.
You block the orc priest's attack.
The orc warrior hits you but does no damage.
The orc priest hits you with a +0 short sword.
You closely miss the orc priest.
The orc priest is heavily wounded.
You hit the orc warrior.
The orc warrior hits you with a +0 battleaxe!
The orc priest barely misses you.
You slash the orc priest!
You kill the orc priest!
Your shield and plate armour prevent you from hitting the orc warrior.
The orc warrior hits you with a +0 battleaxe!
Your plate armour prevents you from hitting the orc warrior.
The orc warrior is moderately wounded.
Your shield and plate armour prevent you from hitting the ogre.
You barely miss the orc wizard. You block the orc wizard's attack.
The ogre barely misses you.
The orc warrior hits you with a +0 battleaxe!
You block the orc wizard's attack.
You hit the orc warrior.
The orc warrior is moderately wounded.
You barely miss the orc wizard. You hit the ogre.
The orc wizard hits you but does no damage.
You block the ogre's attack. You block the orc warrior's attack.
The orc wizard points at you and mumbles some strange words.
The magic dart hits you!
You are too injured to fight recklessly!
You are too injured to fight recklessly!
You are too injured to fight recklessly!
You are too injured to fight recklessly!
You are too injured to fight recklessly!
You are too injured to fight recklessly!
You are too injured to fight recklessly!
You are too injured to fight recklessly!
You are too injured to fight recklessly!
You are too injured to fight recklessly!
You are too injured to fight recklessly!
You are too injured to fight recklessly!
You are too injured to fight recklessly!
You are too injured to fight recklessly!
You are too injured to fight recklessly!
You are too injured to fight recklessly!
You are too injured to fight recklessly!
You are too injured to fight recklessly!
You feel much better.
The ogre hits you with a +0 giant spiked club!
The orc wizard hits you but does no damage.
You feel much better.
The orc wizard hits you but does no damage.
The orc warrior hits you with a +0 battleaxe!
The ogre hits you with a +0 giant spiked club!
You block the orc wizard's attack.
You closely miss the orc warrior.
The orc warrior is moderately wounded.
You hit the orc wizard. You slash the ogre! You block the orc wizard's attack.
You block the orc warrior's attack. The ogre hits you but does no damage.
The orc wizard hits you but does no damage.
You hit the orc wizard but do no damage.
The orc wizard is heavily wounded.
You barely miss the ogre. You barely miss the orc warrior.
You block the orc warrior's attack.
The orc wizard hits you but does no damage.
You hit the orc wizard but do no damage.
The orc wizard is heavily wounded.
You barely miss the ogre.
You hit the orc warrior but do no damage.
The orc wizard casts a spell at you. The magic dart hits you.
You block the ogre's attack. The orc warrior barely misses you.
The orc wizard hits you but does no damage.
You slash the orc wizard!
You kill the orc wizard!
You hit the orc warrior but do no damage.
You hit the ogre. You block the ogre's attack.
You block the orc warrior's attack.
You hit the ogre.
The ogre is heavily wounded.
You slash the orc warrior! You block the ogre's attack.
You block the orc warrior's attack.
Your shield prevents you from hitting the ogre.
The ogre is heavily wounded.
Your shield and plate armour prevent you from hitting the orc warrior.
The ogre hits you with a +0 giant spiked club!!
* * * LOW HITPOINT WARNING * * *
The orc warrior hits you with a +0 battleaxe!!
You die...

, * ....... ... ,.. , ,
....... ... ..# ,
>....). ..##.. ..
............. # *#....
...........#.... .....
,, ........##..... .....
. #.O#).........#.....
...##.)@o.........#.....
........#...............
....##.......#.....#....
.## *#.......##....##...
#####.............##...
#......#.#.............
#.#######..............
#.* ##............. #.
###...........


You could see an orc warrior and an ogre.

Vanquished Creatures
  A sky beast (D:5)
  An ogre (D:5)
  A gnoll sergeant (D:6)
  A bullfrog skeleton (D:5)
  2 hounds (D:6)
  A jelly (D:5)
  2 orc priests (D:6)
  4 orc wizards (D:6)
  A gnoll shaman (D:6)
  2 iguanas (D:5)
  Natasha (D:3)
  3 worker ants
  2 hound skeletons (D:5)
  A worker ant zombie (D:5)
  8 gnolls (D:6)
  2 white imps (D:5)
  An ufetubus (D:5)
  A dart slug (D:2)
  3 leopard geckos
  7 orcs (D:6)
  A giant cockroach (D:4)
  A goblin (D:1)
  2 hobgoblins (D:3)
  A jackal (D:6)
  3 quokkas
  A ball python (D:1)
  A bat (D:3)
  A giant cockroach zombie (D:5)
56 creatures vanquished.

Notes
Turn   | Place    | Note
-------+----------+-------------------------------------------
     0 | D:1      | EnegeticOcto the Deep Dwarf Fighter began the quest for the
                  | Orb.
     0 | D:1      | Reached XP level 1. HP: 20/20 MP: 1/1
   268 | D:3      | Noticed Natasha
   273 | D:3      | Killed Natasha
   273 | D:3      | Reached skill level 3 in Axes
   273 | D:3      | Reached XP level 2. HP: 14/27 MP: 2/2
   273 | D:3      | Reached XP level 3. HP: 18/33 MP: 3/3
   499 | D:5      | Entered Level 5 of the Dungeon
   506 | D:5      | Reached XP level 4. HP: 39/42 MP: 4/4
   714 | D:5      | Reached skill level 4 in Axes
   714 | D:5      | Reached XP level 5. HP: 30/49 MP: 5/5
   718 | D:5      | Noticed a sky beast
   744 | D:5      | Killed a sky beast
   744 | D:5      | Reached XP level 6. HP: 50/57 MP: 6/6
   768 | D:5      | Reached skill level 5 in Axes
  1004 | D:6      | Reached XP level 7. HP: 38/64 MP: 5/5
  1008 | D:6      | Reached skill level 5 in Armour
  1008 | D:6      | Reached skill level 5 in Shields
  1108 | D:6      | Reached skill level 6 in Axes
  1241 | D:6      | Mangled by an orc warrior

Illustrated notes

Levels and vault maps discovered:
D:1:      minmay_arrival_loop, layout_basic
D:2:      lemuel_upstairs_altar, layout_loops_ring, minmay_hedge_maze
D:3:      minmay_general_purpose_star, layout_basic,
          ebering_ghost_reflecting_pool, uniq_natasha
D:4:      layout_layer_cave, minmay_temple_entry_stoned_glass,
          cheibrodos_sewer_entry_bend, mrwooster_statue_mirror, uniq_grinder
D:5:      layout_basic
D:6:      layout_cave_pools, serial_gnoll_camp, gnoll_camp_mini_loothouse,
          grums_kennel, gnoll_camp_huts_moat, gnoll_camp_mini_basic,
          gnoll_camp_medium_01

Skill      XL: |  1  2  3  4  5  6  7 |
---------------+----------------------+-----
Axes           | 3 4 5 6 |  6.4
Fighting       | 3 4 |  4.5
Armour         | 4 5 |  5.4
Shields        | 4 5 |  5.3

Action                   |  1- 3 |  4- 6 |  7- 9 || total
-------------------------+-------+-------+-------++-------
Melee: War axe           |    59 |    85 |    68 ||   212
 Abil: Heal Wounds       |     2 |     8 |     7 ||    17
Armor: Plate armour      |    35 |    90 |    34 ||   159
       Scale mail        |     1 |       |       ||     1
Dodge: Dodged            |    12 |    35 |    30 ||    77
Block: Kite shield       |    40 |    68 |    69 ||   177

Table legend: (Time is in decaauts)
 A = Elapsed time spent in this place.
 B = Non-inter-level travel time spent in this place.
 C = Inter-level travel time spent in this place.
 D = Time resting spent in this place.
 E = Time spent auto-exploring this place.
 F = Levels seen in this place.
 G = Mean time per level.
                   A        B        C        D        E       F      G
               +--------+--------+--------+--------+--------+-----+--------+
         Total |   1317 |   1237 |     80 |      0 |    753 |   6 |  219.5 |
       Dungeon |   1317 |   1237 |     80 |      0 |    753 |   6 |  219.5 |
               +--------+--------+--------+--------+--------+-----+--------+

Top non-repeatable levels by time:
     D:5: 484 daAuts
     D:6: 304 daAuts
     D:3: 165 daAuts
     D:2: 163 daAuts
     D:4: 109 daAuts
     D:1: 90 daAuts
